 Dungeon Crawl Stone Soup version 0.24.1-14-gf8d2b509d9 (webtiles) character file.

Game seed: 8802575222348274425, levelgen mode: deterministic

393660 Hugehornet the Tortoise (level 23, -30/140 HPs)
             Began as a Gargoyle Fighter on May 25, 2020.
             Was the Champion of Cheibriados.
             Annihilated by a titan (54 damage)
             ... on level 5 of the Vaults.
             The game lasted 02:33:43 (53422 turns).

Hugehornet the Tortoise (Gargoyle Fighter)         Turns: 53422, Time: 02:33:43

Health: -30/140    AC: 49    Str: 42    XL:     23   Next: 15%
Magic:  14/37      EV: 16    Int: 37    God:    Cheibriados [******]
Gold:   3696       SH: 29    Dex: 33    Spells: 6/42 levels left

rFire    . . .     SeeInvis .   V - +9 war axe (drain)
rCold    . . .     Gourm    .   L - +2 large shield
rNeg     + . .     Faith    .   C - +3 plate armour {MR+}
rPois    ∞         Spirit   .   t - +0 helmet {Int+3}
rElec    +         Reflect  .   v - scarf {repulsion}
rCorr    +         Harm     .   c - +2 pair of gloves {Dex+3}
MR       +++..                  Z - +0 pair of boots
Stlth    ..........             P - amulet of the acrobat
HPRegen  0.33/turn              Y - ring "Cozuar" {MR+ rCorr Dex+2}
MPRegen  0.25/turn              i - ring "Ful Hiat" {AC+3 Str+7 Dex+4}

@: flying, studying Dodging, repel missiles, very slow
A: big wings, blurry vision 1, negative energy resistance 1, electricity
resistance, unbreathing, petrification resistance, no potion heal 1, rot
immunity, AC +17
}: 2/15 runes: decaying, serpentine
a: Stop Flying, Bend Time, Temporal Distortion, Slouch, Step From Time, Renounce
Religion


You were on level 5 of the Vaults.
You worshipped Cheibriados.
Cheibriados was exalted by your worship.
You were hungry.

You visited 8 branches of the dungeon, and saw 40 of its levels.

You collected 5665 gold pieces.
You spent 1969 gold pieces at shops.

Inventory:

Hand Weapons
 l - a +3 demon whip of flaming
 G - the +6 trident of Pestilence {vamp, Int+6 SInv}
   (You bought it in a shop on level 2 of the Orcish Mines)

   It inflicts no extra harm, but heals its wielder when it wounds a living foe.
   It affects your intelligence (+6).
   It lets you see invisible.
 H - the +8 whip "Snakebite" {curare, rPois}
   (You found it on level 1 of the Lair of Beasts)

   It poisons the flesh of those it strikes.
   It protects you from poison.
 O - a +1 morningstar of holy wrath
 V - a +9 war axe of draining (weapon)
Armour
 c - a +2 pair of gloves of dexterity (worn)
 t - a +0 helmet of intelligence (worn)
 v - a scarf of repulsion (worn)
 C - a +3 plate armour of magic resistance (worn)
 L - a +2 large shield (worn)
 Z - a +0 pair of boots (worn)
Jewellery
 b - an uncursed ring of ice
 i - the ring "Ful Hiat" (right hand) {AC+3 Str+7 Dex+4}
   (You found it on level 15 of the Dungeon)

   [ring of protection]

   It affects your AC (+3).
   It affects your strength (+7).
   It affects your dexterity (+4).
 n - the ring "Gytaam" {*Contam +Blink rPois MR+ Dex+6}
   (You found it on level 15 of the Dungeon)

   [ring of protection from magic]

   It affects your dexterity (+6).
   It protects you from poison.
   It affects your resistance to hostile enchantments.
   It lets you blink.
   It causes magical contamination when unequipped.
 u - an uncursed ring of protection from fire
 x - an uncursed ring of positive energy
 P - an amulet of the acrobat (around neck)
 Q - an uncursed ring of fire
 W - an uncursed ring of protection from cold
 Y - the ring "Cozuar" (left hand) {MR+ rCorr Dex+2}
   (You found it on level 15 of the Dungeon)

   [ring of resist corrosion]

   It affects your dexterity (+2).
   It affects your resistance to hostile enchantments.
   It provides partial protection from all sources of acid and corrosion.
Wands
 S - a wand of disintegration (16)
 T - a wand of clouds (10)
 X - a wand of digging (6)
Scrolls
 d - a scroll of silence
 g - 3 scrolls of torment
 j - 5 scrolls of identify
 o - 5 scrolls of enchant armour
 s - 7 scrolls of magic mapping
 y - 8 scrolls of teleportation
 z - 7 scrolls of enchant weapon
 A - 6 scrolls of blinking
 B - 24 scrolls of remove curse
 D - 9 scrolls of fog
 F - 12 scrolls of amnesia
 I - 10 scrolls of immolation
 K - a scroll of vulnerability
 N - 2 scrolls of holy word
Potions
 a - 4 potions of might
 e - 10 potions of brilliance
 h - a potion of resistance
 m - 3 potions of heal wounds
 p - 3 potions of magic
 q - 12 potions of mutation
 r - 11 potions of curing
 E - 4 potions of ambrosia
 J - 3 potions of cancellation
 R - 5 potions of agility
Books
 U - a manual of Dodging
Comestibles
 f - 54 rations


   Skills:
 + Level 13.6 Fighting
 - Level 15.4(16.1) Axes
 - Level 4.7(12.0) Maces & Flails
 - Level 7.0(12.2) Polearms
 * Level 18.0 Armour
 + Level 7.2 Dodging
 * Level 18.0 Shields
 + Level 10.0 Spellcasting
 + Level 7.3 Conjurations
 - Level 10.7 Hexes
 * Level 2.9 Transmutations
 - Level 6.0 Ice Magic
 - Level 10.1 Air Magic
 - Level 1.5 Earth Magic
 + Level 13.1 Invocations


You had 6 spell levels left.
You knew the following spells:

 Your Spells              Type           Power        Failure   Level  Hunger
a - Cause Fear            Hex            #######...   1%          4    None
b - Silence               Hex/Air        #######...   6%          5    ##.....
c - Lee's Rapid Deconstr  Erth           ####......   94%         5    ##.....
d - Freezing Cloud        Conj/Ice/Air   ######....   69%         6    ####...
e - Irradiate             Conj/Tmut      ######....   50%         5    ##.....
f - Invisibility          Hex            #######.     30%         6    ####...
g - Bolt of Draining      Conj/Necr      #####.....   69%         5    ##.....

Your spell library contained the following spells:

 Spells                   Type           Power        Failure   Level  Hunger
 Confusing Touch          Hex            ######       1%          1    None
 Corona                   Hex            #######      1%          1    None
 Freeze                   Ice            ####         1%          1    None
 Ensorcelled Hibernation  Hex/Ice        ######       1%          2    None
 Slow                     Hex            #######.     1%          2    None
 Throw Frost              Conj/Ice       ######       1%          2    None
 Static Discharge         Conj/Air       ######..     1%          3    None
 Sting                    Conj/Pois      ####         3%          1    None
 Swiftness                Chrm/Air       ######..     3%          2    None
 Beastly Appendage        Tmut           #####.       4%          1    None
 Inner Flame              Hex/Fire       ######..     5%          3    None
 Portal Projectile        Hex/Tloc       ######       5%          3    None
 Passwall                 Tmut/Erth      #####...     10%         2    None
 Throw Icicle             Conj/Ice       ######..     11%         4    None
 Lightning Bolt           Conj/Air       ######....   12%         5    ##.....
 Leda's Liquefaction      Hex/Erth       ######....   13%         4    None
 Ozocubu's Armour         Chrm/Ice       #####...     14%         3    None
 Metabolic Englaciation   Hex/Ice        ######....   14%         5    ##.....
 Animate Skeleton         Necr           N/A          16%         1    None
 Pain                     Necr           ###.         16%         1    None
 Ice Form                 Ice/Tmut       ######..     26%         4    None
 Yara's Violent Unravell  Hex/Tmut       ######....   28%         5    ##.....
 Darkness                 Hex            #######...   30%         6    ####...
 Ignite Poison            Fire/Tmut/Pois ####....     32%         3    None
 Recall                   Summ/Tloc      N/A          43%         3    None
 Regeneration             Chrm/Necr      ###.......   43%         3    None
 Vampiric Draining        Necr           ###.......   43%         3    None
 Summon Ice Beast         Ice/Summ       #####...     43%         4    None
 Summon Mana Viper        Hex/Summ       ######..     45%         5    ##.....
 Petrify                  Tmut/Erth      #####...     54%         4    None
 Bolt of Magma            Conj/Fire/Erth #####.....   80%         5    ##.....
 Animate Dead             Necr           N/A          85%         4    None
 Passage of Golubria      Tloc           N/A          85%         4    None
 Bolt of Cold             Conj/Ice       ######....   85%         6    ####...
 Ozocubu's Refrigeration  Ice            ######....   90%         6    ####...
 Alistair's Intoxication  Tmut/Pois      ####....     94%         5    ##.....
 Borgnjor's Vile Clutch   Necr/Erth      ###.......   97%         5    ##.....
 Deflect Missiles         Chrm/Air       ######....   97%         6    ####...
 Aura of Abjuration       Summ           ###.......   99%         5    ##.....
 Summon Demon             Summ           ###.......   99%         5    ##.....
 Summon Forest            Summ/Tloc      ###.......   99%         5    ##.....
 Bolt of Fire             Conj/Fire      #####.....   99%         6    ####...
 Iron Shot                Conj/Erth      ######....   99%         6    ####...
 Poison Arrow             Conj/Pois      #####.....   99%         6    ####...
 Death Channel            Necr           ###.......   100%        6    ####...
 Shadow Creatures         Summ           N/A          100%        6    ####...
 Simulacrum               Ice/Necr       #####.....   100%        6    ####...
 Malign Gateway           Summ/Tloc      ###.......   100%        7    ######.
 Monstrous Menagerie      Summ           ###.......   100%        7    ######.
 Summon Greater Demon     Summ           ###.......   100%        7    ######.
 Chain Lightning          Conj/Air       ######....   100%        8    #######
 Discord                  Hex            #######...   100%        8    #######
 Ignition                 Fire           ###.......   100%        8    #######
 Lehudib's Crystal Spear  Conj/Erth      ######....   100%        8    #######
 Summon Horrible Things   Summ           ###.......   100%        8    #######
 Fire Storm               Conj/Fire      #####.....   100%        9    #######
 Glaciate                 Conj/Ice       ######....   100%        9    #######
 Shatter                  Erth           ####......   100%        9    #######
 Tornado                  Air            #######...   100%        9    #######
 Sublimation of Blood     Necr           Unusable     N/A         2    N/A
 Statue Form              Tmut/Erth      Unusable     N/A         6    N/A

Dungeon Overview and Level Annotations

Branches:
Dungeon (15/15)            Temple (1/1) D:4            Lair (6/6) D:8
  Swamp (4/4) Lair:3        Snake (4/4) Lair:4        Slime (0/5) Lair:5
    Orc (2/2) D:9             Elf (3/3) Orc:2        Vaults (5/5) D:13
  Crypt (0/3) Vaults:3     Depths (0/5) D:15

Altars:
Ashenzari
Cheibriados
Dithmenos
Elyvilon
Fedhas
Gozag
Hepliaklqana
Kikubaaqudgha
Makhleb
Nemelex Xobeh
Okawaru
Qazlal
Ru
Sif Muna
Trog
Uskayaw
Vehumet
Wu Jian
Xom
Yredelemnul
Zin
The Shining One
Beogh

Shops:
D:5 (   D:7 (   D:13 !   Orc:1 *!*   Orc:2 ([[(   Elf:3 }?(*?   Snake:3 [

Annotations:
Swamp:1 5 transporters
Snake:2 Roxanne
Vaults:5 Saint Roka


Innate Abilities, Weirdness & Mutations

You are resistant to torment.
Your stone body is resilient. (AC +17)
You are immune to poison.
Your large and strong wings let you fly indefinitely.
You resist negative energy. (rN+)
You are resistant to electric shocks. (rElec)
You can survive without breathing.
You are immune to petrification.
You are immune to rotting.
Scrolls take you a little longer to read.
Potions are less effective at restoring your health.


Message History

The vault guard seems to slow down.
Cheibriados rebukes the yaktaur captain.
The yaktaur captain seems to slow down.
Cheibriados rebukes the titan.
The titan seems to slow down.
Cheibriados rebukes the titan.
The titan seems to slow down.
Cheibriados rebukes the yaktaur.
The yaktaur seems to slow down.
You feel slightly more hungry.
Saint Roka calls down the wrath of Beogh upon you.
Beogh smites you!
* * * LOW HITPOINT WARNING * * *
You block the storm dragon's attack. x3; The titan hits you but does no damage.
An orc wizard comes into view. It is wielding a +2 dagger of draining.
The golden dragon completely misses you.
The golden dragon claws you.
* * * LOW HITPOINT WARNING * * *
The golden dragon tramples you but does no damage.
The titan hits you!!!
You die...

#.p...#..))#.....#
§..^..#."..#..p..#
...c.(#...)#)...
...............
#######..(..!).#####
....)..)C....)......
.o...))cpc<<....p...
...oo)oDcC..<....p..
.)..o)oD@CC<..).....
#######ppcD....#####
#.co..).)...
#(..#[...#..H#
..#.##....#.....
#.### #....#.#..##
## #)...#.#.#. ....#


You could see Saint Roka, a shadow dragon, 3 titans, a golden dragon, a storm
dragon, 2 yaktaur captains, a vault guard, an ettin, a vault sentinel, an
ironbrand convoker, 3 yaktaurs, 2 orc wizards and 4 orcs.

Vanquished Creatures
  Bai Suzhen (Vaults:5)
  A tentacled monstrosity (Vaults:5)
  Rupert (Lair:4)
  4 deep elf blademasters (Elf:3)
  2 deep elf master archers (Elf:3)
  3 sphinxes
  Kirke (D:15)
  A tengu reaver (Vaults:5)
  2 storm dragons
  2 thorn hunters (Swamp:4)
  6 frost giants
  12 nagarajas
  3 deep elf sorcerers
  4 fire giants
  Aizul (Snake:3)
  An orc warlord (Orc:2)
  7 vault wardens
  A deep elf elementalist (Elf:3)
  A ghoul (Vaults:3)
  4 very ugly things
  15 ironheart preservers
  2 entropy weavers
  The ghost of SatoMori the Fighter, a journeyman MiBe of Trog (Lair:4)
  2 war gargoyles (Vaults:5)
  10 deep elf demonologists
  3 stone giants
  5 deep elf annihilators
  Azrael (D:12)
  8 deep elf death magi
  2 ettins (D:15)
  A great orb of eyes (Vaults:4)
  30 vault guards
  3 fire dragons
  2 ice dragons (Vaults:2)
  14 yaktaur captains
  4 deep elf high priests (Elf:3)
  Harold (D:7)
  A ghost crab (Swamp:3)
  7 centaur warriors
  31 hydras
  A rakshasa (Vaults:2)
  15 naga warriors
  3 catoblepae (Lair:6)
  2 shambling mangroves (Swamp:4)
  15 alligators
  A deep troll earth mage (Vaults:2)
  4 deep troll shamans
  19 dancing weapons
  16 anacondas
  5 ogre magi
  A death knight (Vaults:3)
  10 two-headed ogres
  5 death yaks (Lair:6)
  3 tengu warriors (D:15)
  7 shock serpents
  5 orc high priests
  The ghost of 15bullets the Basher, a novice TrMo of the Shining One (D:8)
  10 naga sharpshooters
  6 salamander mystics
  5 skeletal warriors
  22 deep elf knights
  A shadow wraith (Vaults:4)
  A spriggan druid (Swamp:3)
  3 wizards
  16 deep trolls
  12 deep elf archers
  2 flayed ghosts
  11 naga ritualists
  4 unseen horrors
  8 swamp dragons
  A lindwurm (shapeshifter) (Vaults:5)
  4 necromancers
  13 harpies
  8 orc knights
  A phantasmal warrior (Vaults:5)
  15 ironbrand convokers
  52 deep elf magi
  2 wolf spider zombies (D:15)
  2 wolf spiders
  17 mana vipers
  A mana viper (shapeshifter) (Vaults:3)
  17 ugly things
  7 orc sorcerers
  Maurice (D:9)
  6 cyclopes
  18 salamanders
  4 centaur zombies (D:15)
  5 manticores
  12 elephants
  20 guardian serpents
  33 black mambas
  10 vault sentinels
  23 naga magi
  A yaktaur zombie (Vaults:2)
  A gargoyle (D:12)
  19 spiny frogs
  A kobold demonologist (D:14)
  5 rime drakes
  7 freezing wraiths
  9 komodo dragons
  36 yaktaurs
  A yaktaur skeleton (Vaults:2)
  2 tengu conjurers (D:15)
  4 trolls
  13 tyrant leeches
  4 polar bears
  A wind drake (shapeshifter) (D:15)
  8 blink frogs
  18 slime creatures
  11 hornets
  A tengu simulacrum (Vaults:3)
  8 dream sheep
  7 hippogriffs
  6 bog bodies
  A hippogriff (shapeshifter) (Vaults:4)
  A stone giant simulacrum (Vaults:2)
  A fire giant simulacrum (Vaults:2)
  A centaur simulacrum (D:15)
  5 air elementals
  A shadow (D:14)
  8 spriggans
  6 wraiths
  A vampire (D:13)
  53 yaks
  A tarantella (Vaults:4)
  3 wyverns
  3 redbacks (Vaults:4)
  3 basilisks
  5 hogs (D:15)
  4 fire elementals
  A human (shapeshifter) (Vaults:4)
  Grum (D:9)
  A yaktaur simulacrum (Vaults:1)
  5 hungry ghosts
  5 vampire mosquitoes
  A soldier ant (shapeshifter) (Vaults:3)
  6 insubstantial wisps (Swamp:1)
  9 swamp worms
  7 wargs
  56 nagas
  5 acid dragons
  21 water moccasins
  2 hell hounds (D:12)
  14 porcupines
  2 floating eyes (D:15)
  61 orc warriors
  5 ice beasts
  A meliai simulacrum (D:14)
  13 swamp drakes
  2 sky beasts
  An ettin simulacrum (Vaults:2)
  3 phantoms
  7 black bears
  3 necrophages
  24 ogres
  A boggart (Lair:4)
  19 centaurs
  An eye of draining (D:8)
  22 wolves
  2 big kobolds
  15 crocodiles
  A big kobold (shapeshifter) (Vaults:4)
  2 gnoll sergeants (D:6)
  20 bullfrogs
  2 earth elementals (Elf:1)
  A wyvern skeleton (D:14)
  6 scorpions
  14 killer bees
  2 howler monkeys
  9 wights
  3 electric eels
  4 bullfrog zombies
  A quasit (D:15)
  2 human simulacra
  9 crimson imps
  10 hounds
  35 orc priests
  25 orc wizards
  6 jellies
  5 bullfrog skeletons
  3 centaur skeletons
  A gnoll shaman (D:6)
  6 iguanas
  9 worker ants
  A killer bee zombie (D:8)
  3 hound zombies
  A hound skeleton (D:8)
  A howler monkey skeleton (D:10)
  2 worker ant zombies
  7 gnolls
  11 adders
  4 shadow imps
  3 white imps (D:9)
  A howler monkey simulacrum (D:9)
  3 oozes
  3 adder skeletons
  4 worms
  A worm (shapeshifter) (Vaults:2)
  2 dart slugs
  6 leopard geckos
  136 orcs
  8 giant cockroaches
  13 hobgoblins
  3 jackals (D:11)
  5 quokkas
  6 bats
  5 frilled lizards
  7 goblins
  A jackal zombie (D:5)
  16 kobolds
  2 quokka skeletons
  11 rats
  7 briar patches (Swamp:4)
  A butterfly (Lair:3)
  A fungus (Swamp:3)
  2 plants (D:6)
1716 creatures vanquished.

Vanquished Creatures (others)
  A deep elf death mage (Elf:3)
  A vault guard (Vaults:5)
  A deep elf knight (Elf:2)
  A swamp dragon (Swamp:1)
  2 deep elf magi
  2 hornets (Swamp:4)
  5 dream sheep (D:6)
  An iguana (Lair:3)
  2 orc wizards (Orc:2)
  An orc (Orc:2)
  2 briar patches (Swamp:4)
  32 fungi
  32 plants
83 creatures vanquished.

Grand Total: 1799 creatures vanquished

Notes
Turn   | Place    | Note
-------+----------+-------------------------------------------
     0 | D:1      | Hugehornet the Gargoyle Fighter began the quest for the
                  | Orb.
     0 | D:1      | Reached XP level 1. HP: 14/14 MP: 1/1
   130 | D:1      | Reached XP level 2. HP: 19/19 MP: 2/2
   345 | D:1      | Reached XP level 3. HP: 23/23 MP: 3/3
   563 | D:1      | You fall into a shaft and drop 1 floor!
  1260 | D:2      | Reached XP level 4. HP: 27/28 MP: 4/4
  2220 | D:3      | Reached XP level 5. HP: 20/32 MP: 5/5
  2365 | D:3      | Found a basalt altar of Yredelemnul.
  2576 | D:3      | Found a glowing silver altar of Zin.
  2577 | D:3      | Noticed an angel
  2674 | D:3      | Reached skill level 5 in Axes
  2812 | D:4      | Reached XP level 6. HP: 13/37 MP: 6/6
  3199 | D:4      | You fall into a shaft and drop 3 floors!
  3224 | D:7      | Noticed a necrophage
  3248 | D:5      | Entered Level 5 of the Dungeon
  3337 | D:5      | Found a white marble altar of Elyvilon.
  3451 | D:5      | Found a shimmering altar of Xom.
  3483 | D:5      | Reached XP level 7. HP: 30/41 MP: 7/7
  3533 | D:5      | HP: 1/41 [ogre/+0 giant club (16)]
  4411 | D:4      | Found a staircase to the Ecumenical Temple.
  4419 | D:4      | Noticed a -2 hand axe
  4419 | D:4      | Noticed a +0 dagger
  4423 | D:4      | Found a hide-covered altar of Uskayaw.
  4425 | Temple   | Entered the Ecumenical Temple
  4490 | Temple   | Became a worshipper of Cheibriados the Contemplative
  4802 | D:5      | Reached XP level 8. HP: 37/46 MP: 8/8
  5084 | D:5      | Found Rucluro's Antique Weapon Shoppe.
  5371 | D:6      | Reached * piety under Cheibriados
  5865 | D:6      | Noticed a dream sheep
  5865 | D:6      | Noticed a dream sheep
  5865 | D:6      | Noticed a dream sheep
  5865 | D:6      | Noticed a dream sheep
  5865 | D:6      | Noticed a dream sheep
  5865 | D:6      | Found a shimmering altar of Xom.
  5869 | D:6      | Killed a dream sheep
  5869 | D:6      | Killed a dream sheep
  5869 | D:6      | Killed a dream sheep
  5869 | D:6      | Killed a dream sheep
  5869 | D:6      | Killed a dream sheep
  6032 | D:6      | Reached skill level 10 in Axes
  6062 | D:6      | Reached XP level 9. HP: 42/51 MP: 9/9
  6368 | D:6      | Found a shattered altar of Ashenzari.
  6369 | D:6      | Found a shadowy altar of Dithmenos.
  6497 | D:6      | Reached ** piety under Cheibriados
  7531 | D:7      | Found Jetol's Weapon Shop.
  7610 | D:7      | Reached *** piety under Cheibriados
  7810 | D:7      | Found a shimmering blue altar of Sif Muna.
  8040 | D:7      | Found an ornate altar of the Wu Jian Council.
  8051 | D:7      | Noticed Harold
  8299 | D:7      | Killed Harold
  8299 | D:7      | Reached XP level 10. HP: 41/56 MP: 10/10
  8556 | D:8      | Reached **** piety under Cheibriados
  8646 | D:8      | Found a staircase to the Lair.
  8681 | D:8      | Noticed a purple ugly thing
  8695 | D:8      | Killed a purple ugly thing
  9072 | D:8      | Noticed a two-headed ogre
  9084 | D:8      | Killed a two-headed ogre
  9084 | D:8      | Reached ***** piety under Cheibriados
  9353 | D:8      | Found a sparkling altar of Nemelex Xobeh.
  9396 | D:8      | Reached XP level 11. HP: 51/60 MP: 11/11
  9483 | D:8      | Found a blossoming altar of Fedhas.
  9583 | D:8      | Noticed a two-headed ogre
  9590 | D:8      | Killed a two-headed ogre
  9721 | D:8      | Found a runed translucent door.
  9721 | D:8      | Noticed 15bullets's ghost (novice TrMo)
  9962 | D:9      | Reached skill level 1 in Polearms
 10080 | D:9      | Found a shimmering altar of Xom.
 10099 | D:9      | Noticed Grum
 10157 | D:9      | Killed Grum
 10236 | D:9      | Noticed Maurice
 10242 | D:9      | Killed Maurice
 10242 | D:9      | Reached skill level 1 in Invocations
 10570 | D:9      | Reached ****** piety under Cheibriados
 10821 | D:9      | Found a radiant altar of Vehumet.
 10914 | D:9      | Found a staircase to the Orcish Mines.
 10927 | D:8      | Found a glowing golden altar of the Shining One.
 11117 | D:10     | Entered Level 10 of the Dungeon
 11506 | D:10     | Noticed a two-headed ogre
 11518 | D:10     | Killed a two-headed ogre
 12289 | Lair:1   | Entered Level 1 of the Lair of Beasts
 12310 | Lair:1   | Reached skill level 5 in Armour
 12315 | Lair:1   | Reached skill level 5 in Shields
 12787 | Lair:1   | Reached XP level 12. HP: 67/67 MP: 14/14
 13058 | Lair:1   | Reached skill level 15 in Axes
 13367 | Lair:1   | Reached skill level 5 in Fighting
 13408 | Lair:1   | Found the +8 whip "Snakebite" {curare, rPois}
 13529 | Lair:1   | Noticed a six-headed hydra
 13546 | Lair:1   | Killed a six-headed hydra
 13546 | Lair:1   | Reached skill level 1 in Maces & Flails
 14429 | Lair:2   | Reached skill level 5 in Polearms
 15761 | Lair:3   | Reached XP level 13. HP: 74/74 MP: 16/16
 16384 | Lair:3   | Found a staircase to the Swamp.
 16781 | Lair:3   | Learned a level 4 spell: Cause Fear
 16787 | Lair:3   | Learned a level 5 spell: Silence
 16855 | Lair:4   | You fall into a shaft and drop 2 floors!
 16855 | Lair:6   | Entered Level 6 of the Lair of Beasts
 16981 | Lair:6   | Reached skill level 5 in Invocations
 18251 | Lair:4   | Noticed Rupert
 18253 | Lair:4   | Paralysed by Rupert for 4 turns
 18280 | Lair:4   | Killed Rupert
 18280 | Lair:4   | Gained mutation: Your large and strong wings let you fly
                  | indefinitely. [Gargoyle growth]
 18280 | Lair:4   | Reached XP level 14. HP: 36/82 MP: 7/18
 18656 | Lair:4   | Found a staircase to the Snake Pit.
 18836 | Lair:4   | Found a runed translucent door.
 18836 | Lair:4   | Identified the cursed +2 spear of Corruption {speed, rC-
                  | Str+5 Dex+2}
 18837 | Lair:4   | Noticed SatoMori's ghost (journeyman MiBe)
 18891 | Lair:4   | You are sucked into a shaft and drop 2 floors!
 19008 | Lair:6   | Reached skill level 10 in Armour
 19008 | Lair:6   | Reached skill level 10 in Shields
 19866 | Lair:5   | Found a staircase to the Slime Pits.
 20823 | Lair:6   | Reached skill level 1 in Hexes
 20831 | Lair:6   | Reached skill level 1 in Air Magic
 21108 | Lair:6   | Reached skill level 1 in Spellcasting
 21708 | D:8      | Killed 15bullets's ghost
 22548 | D:12     | Noticed Azrael
 22591 | D:12     | Killed Azrael
 22945 | D:12     | Reached XP level 15. HP: 88/88 MP: 20/20
 22977 | D:12     | Learned a level 5 spell: Lee's Rapid Deconstruction
 23837 | D:13     | Found Boebexiku's Distillery.
 23926 | D:13     | Bought a potion of heal wounds for 70 gold pieces
 23926 | D:13     | Bought a potion of curing for 42 gold pieces
 23926 | D:13     | Bought a potion of might for 56 gold pieces
 23926 | D:13     | Bought a potion of agility for 56 gold pieces
 23926 | D:13     | Bought a potion of heal wounds for 70 gold pieces
 24176 | D:13     | Found a gate to the Vaults.
 25608 | D:15     | Entered Level 15 of the Dungeon
 25635 | D:15     | Paralysed by a floating eye for 2 turns
 25699 | D:15     | Noticed a frost giant
 25717 | D:15     | Killed a frost giant
 26218 | D:15     | Found a staircase to the Depths.
 26272 | D:15     | Paralysed by a floating eye for 3 turns
 26283 | D:15     | Paralysed by a floating eye for 3 turns
 26315 | D:15     | Noticed a fire giant
 26316 | D:15     | Found the +3 salamander hide armour {+Rage rF++}
 26323 | D:15     | Killed a fire giant
 26323 | D:15     | Reached skill level 5 in Hexes
 26949 | D:15     | Noticed Kirke
 26992 | D:15     | Killed Kirke
 27022 | D:15     | Found a snail-covered altar of Cheibriados.
 27210 | D:15     | Got a steaming tin ring
 27214 | D:15     | Identified the ring "Ful Hiat" {AC+3 Str+7 Dex+4} (You
                  | found it on level 15 of the Dungeon)
 27435 | D:15     | Reached XP level 16. HP: 94/96 MP: 22/22
 27442 | D:15     | Found an ornate altar of the Wu Jian Council.
 27603 | D:15     | Got a clouded iron ring
 27605 | D:15     | Identified the ring "Cozuar" {MR+ rCorr Dex+2} (You found
                  | it on level 15 of the Dungeon)
 27671 | D:15     | Found a stormy altar of Qazlal.
 27804 | D:15     | Got a clouded bronze ring
 27806 | D:15     | Identified the ring "Gytaam" {*Contam +Blink rPois MR+
                  | Dex+6} (You found it on level 15 of the Dungeon)
 27812 | D:15     | Gained mutation: Potions are less effective at restoring
                  | your health. [mutagenic glow]
 28710 | Snake:1  | Entered Level 1 of the Snake Pit
 28766 | Snake:1  | Learned a level 6 spell: Freezing Cloud
 30038 | Snake:2  | Noticed Roxanne
 30260 | Snake:2  | Reached skill level 5 in Spellcasting
 30340 | Snake:2  | Noticed a nagaraja
 30364 | Snake:2  | Reached skill level 1 in Conjurations
 30370 | Snake:2  | Killed a nagaraja
 30370 | Snake:2  | Reached skill level 10 in Fighting
 30370 | Snake:2  | Reached skill level 1 in Ice Magic
 30393 | Snake:2  | Reached XP level 17. HP: 37/102 MP: 6/24
 31074 | Snake:3  | Found Nojor's Armour Shop.
 32060 | Snake:3  | Noticed Aizul
 32073 | Snake:3  | Killed Aizul
 32560 | Snake:4  | Entered Level 4 of the Snake Pit
 33332 | Snake:4  | Reached skill level 5 in Conjurations
 33590 | Snake:4  | Reached XP level 18. HP: 82/108 MP: 21/26
 33638 | Snake:4  | Reached skill level 10 in Invocations
 33686 | Snake:4  | Reached skill level 5 in Air Magic
 33829 | Snake:4  | Reached skill level 5 in Ice Magic
 34372 | Snake:4  | Got a serpentine rune of Zot
 34627 | Lair:3   | Identified a scroll of acquirement
 34650 | Lair:3   | Learned a level 5 spell: Irradiate
 34654 | Swamp:1  | Entered Level 1 of the Swamp
 34698 | Swamp:1  | You are sucked into a shaft and drop 1 floor!
 34809 | Swamp:1  | Found a transporter.
 34809 | Swamp:1  | Found a transporter.
 34854 | Swamp:1  | Found a transporter.
 34897 | Swamp:1  | Found a transporter.
 34912 | Swamp:1  | Found a transporter.
 35431 | Lair:4   | Killed SatoMori's ghost
 35431 | Lair:4   | Reached skill level 1 in Earth Magic
 35451 | Lair:4   | Identified the Reference Book on Nocuous Transformation
 35990 | Swamp:2  | Found a snail-covered altar of Cheibriados.
 36903 | Swamp:3  | Reached XP level 19. HP: 114/114 MP: 29/29
 37180 | Swamp:4  | Entered Level 4 of the Swamp
 37444 | Swamp:4  | Reached skill level 15 in Armour
 37445 | Swamp:4  | Reached skill level 15 in Shields
 37859 | Swamp:4  | Got a decaying rune of Zot
 38744 | Swamp:4  | Learned a level 6 spell: Invisibility
 38929 | Orc:1    | Entered Level 1 of the Orcish Mines
 38954 | Orc:1    | Found Foedie Niumu's Assorted Antiques.
 39015 | Orc:1    | Bought a glowing puce potion for 18 gold pieces
 39152 | Orc:1    | Found Halid's Assorted Antiques.
 39161 | Orc:1    | Found Gattaa's Distillery.
 39203 | Orc:1    | Bought a potion of might for 40 gold pieces
 39203 | Orc:1    | Bought a potion of might for 40 gold pieces
 39203 | Orc:1    | Bought a potion of heal wounds for 50 gold pieces
 39203 | Orc:1    | Bought a potion of curing for 30 gold pieces
 39203 | Orc:1    | Bought a potion of curing for 30 gold pieces
 39203 | Orc:1    | Bought a potion of curing for 30 gold pieces
 39588 | Orc:2    | Entered Level 2 of the Orcish Mines
 39877 | Orc:2    | Found Wiptott's Armour Boutique.
 39918 | Orc:2    | Found a roughly hewn altar of Beogh.
 39975 | Orc:2    | Found Wanna's Antique Weapon Shop.
 40353 | Orc:2    | Found a staircase to the Elven Halls.
 40424 | Orc:2    | Paralysed by an orc sorcerer for 2 turns
 41249 | Orc:2    | Found a roughly hewn altar of Beogh.
 41256 | Orc:2    | Found Xiyc's Antique Armour Boutique.
 41390 | Orc:2    | Found Patode's Weapon Shoppe.
 41658 | Orc:2    | Bought a shimmering trident for 272 gold pieces
 41659 | Orc:2    | Identified the +6 trident of Pestilence {vamp, Int+6 SInv}
                  | (You bought it in a shop on level 2 of the Orcish Mines)
 41713 | Orc:1    | Bought a leatherbound book for 450 gold pieces
 41784 | Elf:1    | Entered Level 1 of the Elven Halls
 43016 | Elf:1    | Reached XP level 20. HP: 121/121 MP: 31/31
 43305 | Elf:2    | Found a runed translucent gate.
 43305 | Elf:2    | Found a runed translucent gate.
 43315 | Elf:2    | Found a runed translucent gate.
 43539 | Elf:2    | Found an ancient bone altar of Kikubaaqudgha.
 44557 | Elf:3    | Entered Level 3 of the Elven Halls
 44620 | Elf:3    | Found Lel Heg's General Store.
 44626 | Elf:3    | Bought a +0 helmet of intelligence for 149 gold pieces
 44826 | Elf:3    | Found Sodeshrucad's Antique Weapon Shoppe.
 44994 | Elf:3    | Found Jillamoho's Magic Scroll Emporium.
 45002 | Elf:3    | Bought a scroll of blinking for 120 gold pieces
 45002 | Elf:3    | Bought a scroll of fog for 32 gold pieces
 45002 | Elf:3    | Bought a scroll of fog for 32 gold pieces
 45002 | Elf:3    | Bought a scroll of blinking for 120 gold pieces
 45651 | Elf:3    | Noticed a Brimstone Fiend
 45678 | Elf:3    | Gained mutation: Scrolls take you a little longer to read.
                  | [a neqoxec]
 45720 | Elf:3    | Identified Leakacya's Handbook of Icy Bewitchment
 45744 | Elf:3    | Identified the cursed +3 hand crossbow "Fakhla" {flame, rC-
                  | rN+ Int+5} (You found it on level 3 of the Elven Halls)
 45898 | Elf:3    | Reached skill level 1 in Dodging
 46140 | Elf:3    | Noticed a Tzitzimitl
 46190 | Elf:3    | Found Fewneh's Gadget Shop.
 46195 | Elf:3    | Found Ushrat's Magic Scroll Shoppe.
 46203 | Elf:3    | Bought a scroll of fog for 42 gold pieces
 46203 | Elf:3    | Bought a scroll of vulnerability for 157 gold pieces
 46203 | Elf:3    | Bought a scroll of teleportation for 63 gold pieces
 46280 | Elf:3    | Noticed a Tzitzimitl
 46284 | Elf:3    | Noticed a Tzitzimitl
 46728 | Vaults:1 | Entered Level 1 of the Vaults
 46919 | Vaults:1 | Reached XP level 21. HP: 128/128 MP: 33/33
 47744 | Vaults:1 | Identified Ihyvy's Catalogue of the Dark Blaze
 47846 | Vaults:1 | Learned a level 5 spell: Bolt of Draining
 47963 | Vaults:2 | Reached skill level 10 in Hexes
 49902 | Vaults:3 | Reached skill level 5 in Dodging
 50303 | Vaults:3 | Reached XP level 22. HP: 135/135 MP: 35/35
 50744 | Vaults:3 | Found a staircase to the Crypt.
 52632 | Vaults:4 | Reached skill level 10 in Air Magic
 53374 | Vaults:5 | Entered Level 5 of the Vaults
 53378 | Vaults:5 | Noticed Bai Suzhen
 53399 | Vaults:5 | Reached skill level 1 in Transmutations
 53401 | Vaults:5 | Reached XP level 23. HP: 97/140 MP: 17/36
 53405 | Vaults:5 | Noticed a golden dragon
 53415 | Vaults:5 | Killed Bai Suzhen
 53415 | Vaults:5 | Reached skill level 10 in Spellcasting
 53416 | Vaults:5 | Noticed Saint Roka
 53422 | Vaults:5 | Annihilated by a titan

Levels and vault maps discovered:
D:1:      minmay_arrival_loop, layout_basic
D:2:      layout_basic, first_ration, st_stairs_4, grunt_ministairs_12
D:3:      layout_basic, zin_angel, solitary_fountain, yredelemnul_altar_generic
D:4:      black_bear_nest_2, layout_rooms, dancing_weapons_uskayaw,
          minmay_temple_entry_offerings
D:5:      layout_gridville, elyvilon_altar_5, serial_shops, shop,
          lemuel_altar_in_water
D:6:      kennysheep_housing_project, layout_cave_pools, kb_xom_exploding_sheep,
          amethyst_overflow_temple_binary
D:7:      layout_rooms, overflow_temple_1_default, lemuel_doored_altar,
          serial_shops, nicolae_shop_crystal, uniq_harold
D:8:      layout_rooms, nicolae_overflow_hidden_temple, marbit_many_paths,
          due_lair_maze_entry_diamond, gammafunk_ghost_grave, the_bakery
D:9:      layout_roguey, vehumet_crystals, david_orc_2, serial_ice,
          serial_ice_h, serial_ice_c, serial_ice_n, serial_ice_f, basic_altar,
          uniq_grum, uniq_maurice
D:10:     layout_long_grid
D:11:     layout_rooms
D:12:     layout_cave_pods, uniq_azrael
D:13:     layout_big_octagon, skrybe_vaults_entry_preservation, serial_shops,
          shop
D:14:     layout_stronghold, serial_park_square2
D:15:     hangedman_spin_cycle, serial_shops
Temple:   zaba_magenta_temple
Lair:1:   minmay_guarded_unrand_snakebite, layout_regular_city,
          grunt_megastairs_5
Lair:2:   layout_roguey
Lair:3:   layout_loops_ring, minmay_swamp_entry_reptiles, lemuel_fruit_fields,
          grunt_megastairs_1
Lair:4:   wander_river, layout_cave_pods, minmay_snake_entry_spellcaster,
          ebering_ghost_funeral_grove, beast_lair_carwin_9, uniq_rupert
Lair:5:   layout_hall_layers, nicolae_slime_entry_slimehenge,
          serial_bayou_shore_a
Lair:6:   evilmike_catoblepas_cave, layout_gridlike
Swamp:1:  gammafunk_the_bubble [the_bubble_gammafunk_roulette],
          layout_basic_swamp, serial_swamp_ruin, evilmike_swamp_ruin_house_1,
          evilmike_swamp_ruin_house_3, swamp_pool5, infiniplex_staircase_pool
Swamp:2:  layout_basic_swamp, nicolae_swamp_godswood,
          nicolae_swamp_rocky_clearing
Swamp:3:  layout_falls_marsh, nicolae_swamp_fairy_circle
Swamp:4:  swamp_basic_johnstein, layout_basic_swamp
Snake:1:  layout_cave_shapes, special_room, nrook_guardian_serpent_ordinary
Snake:2:  layout_concentric_octagons, abandoned_shop, uniq_roxanne
Snake:3:  layout_basic, serial_shops, shop, grunt_megastairs_4, uniq_kirke,
          uniq_aizul
Snake:4:  grunt_snake_rune_serpentine_throne, layout_misc_corridors
Orc:1:    layout_caves, serial_shops, nicolae_shop_stone, shop_coins, shop,
          nicolae_orc_stony_grotto
Orc:2:    pubby_orc_utopia
Elf:1:    minmay_elf_arrival_summoners, layout_gridlike,
          hangedman_elf_represent, grunt_megastairs_2
Elf:2:    layout_gridlike, basic_altar
Elf:3:    minmay_elf_hall_circle, layout_onion_city, serial_shops, shop,
          nicolae_shop_trees, shop, shop, shop
Vaults:1: v_misc_31, nicolae_vaults_angled_halls, vaults_mumra_lcd,
          ontoclasm_vaults_tryst, v_misc_9, vaults_room_grid,
          grunt_vaults_swirl, nicolae_vaults_specimen_jars, v_alt_pattern_2,
          vaults_mumra_hex, v_misc_2, layout_vaults_omnicross
Vaults:2: nicolae_vaults_quartermaster, v_alt_pattern_5,
          dpeg_vaults_monster_row, hangedman_vaults_snaps, v_misc_26,
          vaults_room_pool, ontoclasm_vaults_decontamination,
          nicolae_vaults_yaktaur_gun_rack, vaults_dpeg_diagonal,
          layout_vaults_chaotic_city
Vaults:3: nicolae_vaults_quadrants, v_misc_15, nicolae_vaults_angled_halls,
          nicolae_vaults_shelves_hall, minmay_crypt_entry_simple_plaza,
          v_misc_30, nicolae_vaults_little_squares_3,
          grunt_vaults_hallway_short, nicolae_vaults_twisting_passages,
          nicolae_vaults_mini_display_case, nicolae_vaults_alarming,
          ontoclasm_vaults_ligature, ontoclasm_vaults_loading_screen,
          layout_vaults_ring
Vaults:4: nicolae_vaults_network_periphery, ontoclasm_vaults_gateway,
          vaults_room_guarded_vault, ontoclasm_vaults_idyll, v_misc_19,
          ontoclasm_vaults_spin, layout_vaults_quadrants
Vaults:5: serial_shops, uniq_saint_roka, uniq_bai_suzhen

Skill      XL: |  1  2  3  4  5  6  7  8  9 10 11 12 13 14 15 16 17 18 19 20 21 22 23 |
---------------+----------------------------------------------------------------------+-----
Axes           | 2 3 4 5 6 8 10 12 14 15 | 15.4
Polearms       | 3 5 6 7 |  7.0
Invocations    | 2 4 6 7 8 9 10 11 12 13 | 13.1
Armour         | 5 7 9 10 12 13 14 15 16 17 18 | 18.0
Shields        | 5 7 9 10 12 13 14 15 16 17 18 | 18.0
Fighting       | 4 5 7 8 9 10 11 12 13 | 13.6
Maces & Flails | 3 4 |  4.7
Hexes          | 3 5 7 8 9 10 | 10.7
Air Magic      | 2 3 4 5 6 8 9 10 | 10.1
Spellcasting   | 1 3 5 6 7 8 9 10 | 10.0
Conjurations   | 1 5 6 7 |  7.3
Ice Magic      | 1 4 6 |  6.0
Earth Magic    | 1 |  1.5
Dodging        | 2 5 6 7 |  7.2
Transmutations | 2 |  2.9

Action                   |  1- 3 |  4- 6 |  7- 9 | 10-12 | 13-15 | 16-18 | 19-21 | 22-24 || total
-------------------------+-------+-------+-------+-------+-------+-------+-------+-------++-------
Melee: War axe           |   121 |   196 |   310 |    13 |       |  1082 |  1535 |   388 ||  3645
       Trident           |       |       |    64 |   467 |    55 |     1 |    36 |       ||   623
       Whip              |       |       |       |   157 |  1435 |   342 |       |       ||  1934
       Demon whip        |       |       |       |       |    54 |    60 |    87 |       ||   201
 Cast: Cause Fear        |       |       |       |       |       |       |       |     1 ||     1
Invok: Bend Time         |       |       |     1 |       |       |       |       |     1 ||     2
       Slouch            |       |       |       |       |       |       |       |     4 ||     4
 Abil: Fly               |       |       |       |       |     1 |       |       |       ||     1
  Use: Scroll            |       |     2 |     3 |     9 |    16 |    11 |    12 |     3 ||    56
       Potion            |       |       |    11 |     3 |     3 |     2 |     6 |     1 ||    26
 Stab: Confused          |       |       |       |       |       |     2 |       |       ||     2
       Invisible         |       |       |       |       |       |       |    13 |       ||    13
       Distracted        |       |       |       |       |       |       |     5 |       ||     5
  Eat: Chunk             |     1 |     7 |     8 |    12 |    20 |     9 |    19 |     3 ||    79
       Ration            |       |       |     1 |     1 |     1 |     3 |     2 |     1 ||     9
Armor: Scale mail        |    71 |    92 |   154 |       |       |       |       |       ||   317
       Chain mail        |       |       |    51 |   168 |       |       |       |       ||   219
       Plate armour      |       |       |       |   130 |   672 |   697 |   633 |   177 ||  2309
Dodge: Dodged            |    27 |    69 |    99 |   107 |   282 |   241 |   271 |   148 ||  1244
       Deflected         |       |     1 |     9 |     6 |    15 |    53 |    30 |     9 ||   123
Block: Shield            |    67 |    92 |   161 |   315 |   802 |   600 |       |       ||  2037
       Large shield      |       |       |       |       |       |   829 |  1838 |   533 ||  3200
